 Dungeon Crawl Stone Soup version 0.30-a0-374-g95c0257040 (webtiles) character file.

Game seed: 13406648157411395181

84 MTVSty1e the Poker (level 4, 0/40 HPs)
             Began as a Minotaur Gladiator on Nov 26, 2022.
             Slain by Sigmund
             ... wielding a +0 scythe
              (6 damage)
             ... on level 2 of the Dungeon.
             The game lasted 00:01:32 (1803 turns).

MTVSty1e the Poker (Minotaur Gladiator)             Turns: 1803, Time: 00:01:33

Health: 0/40       AC:  5    Str: 21    XL:     4   Next: 24%
Magic:  3/3        EV: 11    Int:  5    God:
Gold:   110        SH:  0    Dex: 11    Spells: 3/3 levels left

rFire   . . .      SeeInvis .    a - +0 trident
rCold   . . .      Faith    .    (no shield)
rNeg    . . .      Spirit   .    p - +0 ring mail
rPois   .          Reflect  .    c - +0 hat
rElec   .          Harm     .    (no cloak)
rCorr   .          Rampage  .    (no gloves)
Will    .....                    (no boots)
Stlth   +.........               (no amulet)
HPRegen 0.26/turn                (no ring)
MPRegen 0.08/turn                (no ring)

@: no status effects
A: horns 2, retaliatory headbutt
a: no special abilities


You were on level 2 of the Dungeon.
You visited 1 branch of the dungeon, and saw 2 of its levels.

You collected 110 gold pieces.

Inventory:

Hand Weapons
 a - a +0 trident (weapon)
Missiles
 d - 3 throwing nets (quivered)
 e - a javelin
Armour
 b - a +0 leather armour
 c - a +0 hat (worn)
 p - a +0 ring mail (worn)
Jewellery
 j - a ring of willpower
Scrolls
 f - 5 scrolls of teleportation {unknown}
 l - a scroll of torment {unknown}
 n - 4 scrolls of identify {unknown}
 o - a scroll of enchant weapon {unknown}
 q - a scroll of acquirement {unknown}
Potions
 g - a potion of might {unknown}
 h - a potion of heal wounds {unknown}
 i - 2 potions of degeneration {unknown}
 k - a potion of curing {unknown}
 m - a potion of cancellation {unknown}


   Skills:
 + Level 3.6 Fighting
 * Level 5.5 Polearms
 - Level 2.0 Throwing
 - Level 3.2 Dodging


You had 3 spell levels left.
You didn't know any spells.
Your spell library was empty.

Dungeon Overview and Level Annotations

Branches:
Dungeon (2/15)

Altars:
Sif Muna

Shops:
D:1 :

Annotations:
D:2 Sigmund


Innate Abilities, Weirdness & Mutations

You have a pair of horns on your head.
You reflexively headbutt those who attack you in melee.


Message History

You are too confused!
You are too confused!
You are too confused!
You are too confused!
You are too confused!
You are too confused!
You are too confused!
You bump into the rock wall.
Sigmund mumbles some strange words.
Sigmund flickers and vanishes!
Deactivating autopickup; reactivate with Ctrl-A.
Something hits you!
You bump into the rock wall.
Something hits you!
You bump into the rock wall.
You bump into the rock wall.
You feel less confused. Something hits you. Something hits you.
You hit something.
Okay, then.
You hit something but do no damage.
You hear a zap.
A puff of flame appears from out of thin air!
The puff of flame misses you.
You miss something. Your headbutt misses something.
You hear a zap.
A puff of flame appears from out of thin air!
The puff of flame misses you.
You barely miss something. Your headbutt misses something. Something hits you!
You miss something.
You hear some strange, mumbled words.
Something tries to affect you, but you resist.
You closely miss something.
You hear some strange, mumbled words.
Something tries to affect you, but you resist.
You miss something. Something hits you!
* * * LOW HITPOINT WARNING * * *
You closely miss something. Your headbutt misses something. You hit something.
Your headbutt misses something. Something hits you.
You die...

##########........#
#...............#
#.######........#
#.# ########## #.#
#.# #.# #.# #@# #{#
#.# #.# #.# #.# #.#
#.#


There were no monsters in sight!

Vanquished Creatures
  Jessica (D:2)
  4 adders (D:2)
  An endoplasm (D:2)
  2 goblins (D:1)
  2 hobgoblins
  3 kobolds
  2 quokkas
  4 ball pythons
  3 bats
  2 frilled lizards (D:1)
  A rat (D:1)
25 creatures vanquished.

Notes
Turn   | Place    | Note
-------+----------+-------------------------------------------
     0 | D:1      | MTVSty1e the Minotaur Gladiator began the quest for the
                  | Orb.
     0 | D:1      | Reached XP level 1. HP: 18/18 MP: 0/0
    45 | D:1      | Reached skill level 4 in Polearms
    53 | D:1      | You fall into a shaft and drop 1 floor!
   147 | D:2      | Found a shimmering blue altar of Sif Muna.
   174 | D:2      | Reached XP level 2. HP: 17/25 MP: 1/1
   673 | D:1      | Found Gaodi's Vocational Training.
  1114 | D:2      | Reached XP level 3. HP: 28/31 MP: 2/2
  1120 | D:2      | Reached skill level 5 in Polearms
  1148 | D:2      | Noticed Jessica
  1151 | D:2      | Killed Jessica
  1152 | D:2      | Reached XP level 4. HP: 34/38 MP: 3/3
  1786 | D:2      | Noticed Sigmund
  1803 | D:2      | Slain by Sigmund

Illustrated notes

Levels and vault maps discovered:
D:1:      shiori_shiawase, layout_basic, nicolae_shop_vocational
D:2:      layout_basic, basic_altar, kennysheep_jessica_study, uniq_sigmund

Skill      XL: |  1  2  3 |
---------------+----------+-----
Polearms       | 4 5 |  5.5
Fighting       | 3 |  3.6
Throwing       | |  2.0
Dodging        | |  3.2

Action                   |  1- 3 |  4- 6 || total
-------------------------+-------+-------++-------
Melee: Trident           |    44 |    19 ||    63
       Headbutt          |     4 |     2 ||     6
 Stab: Sleeping          |     1 |       ||     1
Armor: Leather armour    |    14 |     1 ||    15
Dodge: Dodged            |    24 |     7 ||    31

Table legend: (Time is in decaauts)
 A = Elapsed time spent in this place.
 B = Non-inter-level travel time spent in this place.
 C = Inter-level travel time spent in this place.
 D = Time resting spent in this place.
 E = Time spent auto-exploring this place.
 F = Levels seen in this place.
 G = Mean time per level.
                   A        B        C        D        E       F      G
               +--------+--------+--------+--------+--------+-----+--------+
         Total |   1806 |   1726 |     80 |     44 |   1510 |   2 |  903.0 |
       Dungeon |   1806 |   1726 |     80 |     44 |   1510 |   2 |  903.0 |
               +--------+--------+--------+--------+--------+-----+--------+

Top non-repeatable levels by time:
     D:2: 962 daAuts
     D:1: 843 daAuts
